Map: Goldenaura LE

Players

sonic

  • Race: Terran Terran
  • League: Bronze
  • Spawn Location: 5:00

demzi - Winner!

  • Race: Zerg Zerg
  • League: Silver
  • Spawn Location: 12:00

VOD

Have the link to the VOD?

Description

Time

  • Played on: March 21, 2024, 10:10 a.m.
  • Length: 10:06
Show
View Real Time Build Order
Export as new Build Order

sonic Terran 

Build Orders:  

Get SALT Encoding   

  12  0:01  SCV  
  13  0:13  SCV  
  14  0:17  Supply Depot  
  14  0:25  SCV  
  15  0:39  SCV  
  15  0:40  Barracks  
  16  0:46  Refinery  
  16  1:05  SCV  
  17  1:17  SCV  
  18  1:29  SCV  
  19  1:33  Marine  
  19  1:37  Command Center  
  20  1:48  Supply Depot  
  20  1:55  Orbital Command  
  20  2:13  Refinery  
  20  2:16  Barracks Reactor  
  20  2:22  SCV  
  21  2:29  Barracks  
  21  2:35  Barracks  
  21  2:53  Marine x2  
  21  2:55  SCV  
  24  3:00  Orbital Command  
  23  3:07  SCV  
  23  3:11  Marine x2  
  22  3:26  SCV  
  22  3:29  Marine x2  
  24  3:37  Factory  
  24  3:38  SCV  
  24  3:39  Engineering Bay  
  25  3:42  SCV  
  26  3:50  SCV  
  26  3:51  Marine x2  
  29  3:56  Barracks Tech Lab x2  
  29  4:03  SCV  
  29  4:05  SCV  
  31  4:15  SCV  
  32  4:17  SCV  
  32  4:18  Marine, Marauder x2  
  32  4:22  Combat Shield  
  38  4:27  SCV  
  38  4:29  Supply Depot  
  39  4:36  Starport  
  39  4:37  Factory Reactor  
  39  4:44  Marine  
  39  4:45  Marine  
  41  4:48  Marine x2  
  41  4:51  Stimpack  
  43  4:56  SCV  
  44  5:02  Supply Depot  
  44  5:06  Terran Infantry Weapons Level 1  
  44  5:17  Barracks  
  44  5:31  Marine x2  
  44  5:32  Marauder  
  44  5:33  Marauder  
  44  5:35  SCV  
  51  5:38  SCV  
  52  5:45  Supply Depot  
  52  5:50  Medivac, SCV  
  52  5:51  Medivac  
  52  5:55  Factory Tech Lab  
  57  5:57  Marine  
  57  5:58  Marine  
  57  5:59  Marine x2  
  61  6:05  Barracks  
  61  6:08  Supply Depot  
  61  6:10  SCV  
  62  6:12  SCV  
  62  6:16  Refinery  
  62  6:18  Marine, Marauder x2  
  67  6:19  Marine  
  67  6:23  SCV  
  70  6:30  SCV, Medivac  
  73  6:33  Supply Depot  
  73  6:36  Marine  
  74  6:42  SCV  
  75  6:48  Marauder x2, Marine  
  75  6:52  Medivac  
  75  6:54  SCV, Marine  
  82  6:56  Supply Depot  
  82  7:00  Terran Infantry Armor Level 1  
  84  7:02  SCV  
  84  7:06  SCV, Marine, Refinery  
  87  7:15  SCV  
  83  7:18  SCV  
  64  7:31  Marauder x2, Marine x2  
  64  7:40  Barracks Reactor  
  64  7:41  Barracks  
  64  7:46  SCV  
  64  7:49  Marine x2  
  64  7:51  SCV  
  68  7:57  Marauder x2  
  73  7:58  SCV  
  73  8:00  Barracks Reactor  
  73  8:03  SCV, Medivac x2  
  73  8:04  Siege Tank  
  81  8:06  Marine  
  81  8:07  Marine  
  83  8:18  Marine  
  84  8:24  Marine x4  
  84  8:25  Marine  
  89  8:35  Marine  
  89  8:38  Command Center  
  90  8:42  Marine x4  
  90  8:43  Marine  
  92  9:19  Marine x3  
  92  9:20  Marauder x2, Marine x4  
  90  9:24  Siege Tank  
  90  9:25  Medivac  
  83  9:37  Marine x3  
  83  9:41  Marauder x2  
Show
View Real Time Build Order
Export as new Build Order

demzi Zerg - Winner!

Build Orders: Hatch First 

Get SALT Encoding   

  12  0:00  Drone  
  13  0:12  Overlord  
  13  0:17  Drone  
  14  0:29  Overlord  
  14  0:30  Drone  
  14  0:34  Drone  
  16  0:58  Hatchery  
  16  1:01  Drone  
  16  1:05  Drone  
  16  1:09  Drone  
  18  1:18  Extractor  
  17  1:27  Spawning Pool  
  17  1:30  Drone  
  17  1:32  Drone  
  18  1:38  Drone  
  19  1:49  Drone  
  20  2:14  Queen x2  
  24  2:15  Zergling x4  
  24  2:16  Zergling x2  
  27  2:28  Drone x2  
  29  2:31  Drone  
  29  2:33  Drone  
  31  2:50  Pneumatized Carapace  
  31  2:51  Queen  
  31  2:53  Drone x2  
  31  2:55  Drone  
  31  2:58  Overlord  
  35  3:25  Drone x8  
  35  3:26  Overlord x2  
  42  3:44  Hatchery  
  42  3:46  Queen  
  43  3:56  Drone x2  
  43  3:58  Zergling x10  
  43  4:00  Zergling x2  
  51  4:08  Lair  
  51  4:13  Overlord x2  
  51  4:18  Extractor, Drone x2  
  51  4:20  Drone, Extractor  
  52  4:35  Drone x2  
  54  4:41  Drone x3  
  54  4:42  Drone x3  
  60  4:51  Drone, Evolution Chamber  
  60  4:52  Drone, Evolution Chamber  
  61  4:53  Drone  
  61  4:54  Roach Warren  
  60  5:00  Drone x4  
  60  5:03  Overlord  
  64  5:09  Drone x4  
  68  5:19  Zerg Missile Weapons Level 1  
  68  5:20  Zerg Ground Armor Level 1  
  68  5:25  Overseer  
  68  5:28  Overseer  
  68  5:30  Overseer  
  68  5:34  Drone x2  
  68  5:35  Drone x2  
  72  5:37  Extractor  
  72  5:39  Drone x3  
  72  5:40  Extractor  
  72  5:41  Drone x3  
  72  5:42  Roach x5  
  86  5:46  Glial Reconstitution  
  86  6:07  Overlord x4  
  86  6:11  Roach x2  
  90  6:20  Overlord x2  
  90  6:21  Overlord x3  
  90  6:27  Hatchery  
  89  6:42  Metabolic Boost  
  89  6:43  Baneling Nest  
  89  6:44  Roach x6  
  89  6:45  Roach x7  
  114  7:14  Roach  
  114  7:15  Roach x13  
  117  7:29  Overlord x2  
  105  7:30  Overlord x2  
  103  7:40  Queen  
  103  7:43  Drone x6  
  111  7:53  Overlord  
  111  7:58  Drone x3  
  113  8:02  Extractor x2  
  113  8:04  Drone x2  
  113  8:05  Drone x3  
  117  8:06  Drone  
  117  8:07  Roach x4  
  126  8:26  Hydralisk Den  
  125  8:36  Roach  
  125  8:37  Roach x13  
  148  9:18  Roach  
  148  9:19  Roach x19  
Tags
 
Matchup
TvZ
Replay Pack
Multiplayer
Spawn Locations
Cross Positions
Add a new tag
Caveats
  • Supply blocks, unpowered buildings, or Contaminate may cause inaccurate times.
  • Supply counts are checked every 10 seconds.